 Dungeon Crawl Stone Soup version 0.24.0-13-gcf9b3192b9 (webtiles) character file.

Game seed: 17925816753038609273, levelgen mode: deterministic

25201 Delamore the Severer (level 13, -6/113 HPs)
             Began as a Hill Orc Monk on Nov 5, 2019.
             Was an Elder of Beogh.
             Mangled by a redback (9 damage)
             ... on level 1 of the Spider Nest.
             The game lasted 00:36:23 (14272 turns).

Delamore the Severer (Hill Orc Monk)               Turns: 14272, Time: 00:36:24

Health: -6/113     AC: 28    Str: 16 (19) XL:     13   Next: 18%
Magic:  0/15       EV:  6    Int:  9 (10) God:    Beogh [****..]
Gold:   703        SH:  6    Dex: 12 (13) Spells: 15/15 levels left

rFire    + . .     SeeInvis .   K - +1 hand axe (venom)
rCold    + . .     Gourm    .   (no shield)
rNeg     . . .     Faith    .   S - +0 crystal plate armour
rPois    +         Spirit   +   e - +0 helmet
rElec    +         Reflect  +   E - scarf {Spirit}
rCorr    +         Harm     .   h - +0 pair of gloves
MR       .....                  B - +2 pair of boots {Fly}
Stlth    ..........             G - +6 amulet of reflection
HPRegen  0.28/turn              v - +2 ring of evasion
MPRegen  0.14/turn              P - ring of poison resistance

@: resistant, flying
A: no striking features
a: Smiting, Recall Orcish Followers, Renounce Religion, Stop Flying


You were on level 1 of the Spider Nest.
You worshipped Beogh.
Beogh was greatly pleased with you.
You were very hungry.

You visited 3 branches of the dungeon, and saw 13 of its levels.

You collected 998 gold pieces.
You spent 295 gold pieces at shops.

Inventory:

Hand Weapons
 D - a +0 war axe
 K - a +1 hand axe of venom (weapon)
Missiles
 U - 30 poisoned darts (quivered)
Armour
 e - a +0 helmet (worn)
 h - a +0 pair of gloves (worn)
 B - a +2 pair of boots of flying (worn)
 E - a scarf of spirit shield (worn)
 S - a +0 crystal plate armour (worn)
Jewellery
 t - a +4 ring of dexterity
 v - a +2 ring of evasion (left hand)
 A - an uncursed ring of protection from cold
 C - an uncursed amulet of rage
 G - a +6 amulet of reflection (around neck)
 J - an uncursed ring of protection from magic
 P - a ring of poison resistance (right hand)
 T - a +3 ring of strength
 W - an uncursed ring of see invisible
Wands
 M - a wand of polymorph (24)
 N - a wand of enslavement (7)
Scrolls
 d - 6 scrolls of blinking {unknown}
 k - 3 scrolls of fog {unknown}
 l - 5 scrolls of remove curse {unknown}
 m - a scroll of identify
 n - 2 scrolls of random uselessness {unknown}
 r - 6 scrolls of enchant armour {unknown}
 s - 2 scrolls of fear {unknown}
 w - 3 scrolls of teleportation {unknown}
 x - 6 scrolls of enchant weapon {unknown}
 y - 5 scrolls of immolation
 I - a scroll of brand weapon {unknown}
 X - a scroll of vulnerability {unknown}
 Y - a scroll of torment {unknown}
Potions
 b - a potion of brilliance {unknown}
 f - 2 potions of cancellation
 g - 4 potions of might
 i - a potion of ambrosia {unknown}
 j - 3 potions of haste
 p - a potion of flight
 q - 2 potions of lignification
 u - 2 potions of curing
 z - 2 potions of mutation
 F - a potion of magic {unknown}
 H - 2 potions of agility
 L - a potion of degeneration
 O - a potion of resistance
 R - 2 potions of heal wounds {unknown}
Comestibles
 c - 14 rations


   Skills:
 * Level 10.3 Fighting
 + Level 17.9 Axes
 * Level 11.9 Armour
 * Level 4.9 Dodging
 - Level 1.5 Stealth
 + Level 1.8 Spellcasting
 - Level 1.1 Invocations
 + Level 2.3 Evocations


You had 15 spell levels left.
You didn't know any spells.
Your spell library contained the following spells:

 Spells                   Type           Power        Failure   Level  Hunger
 Animate Skeleton         Necr           N/A          100%        1    ##.....
 Apportation              Tloc           #.....       100%        1    ##.....
 Confusing Touch          Hex            #.....       100%        1    ##.....
 Flame Tongue             Conj/Fire      #....        100%        1    ##.....
 Sandblast                Erth           #.....       100%        1    ##.....
 Sting                    Conj/Pois      #...         100%        1    ##.....
 Summon Butterflies       Summ           #.......     100%        1    ##.....
 Summon Small Mammal      Summ           #...         100%        1    ##.....
 Passwall                 Tmut/Erth      #.......     100%        2    ###....
 Poisonous Vapours        Pois/Air       #.....       100%        2    ###....
 Throw Flame              Conj/Fire      #.....       100%        2    ###....
 Conjure Flame            Conj/Fire      #.......     100%        3    ####...
 Inner Flame              Hex/Fire       #.......     100%        3    ####...
 Lesser Beckoning         Tloc           #.........   100%        3    ####...
 Mephitic Cloud           Conj/Pois/Air  #.......     100%        3    ####...
 Stone Arrow              Conj/Erth      #.....       100%        3    ####...
 Tukima's Dance           Hex            #.......     100%        3    ####...
 Olgreb's Toxic Radiance  Pois           #.......     100%        4    #####..
 Petrify                  Tmut/Erth      #.......     100%        4    #####..
 Sticky Flame             Conj/Fire      #.......     100%        4    #####..
 Alistair's Intoxication  Tmut/Pois      #.......     100%        5    ######.
 Bolt of Magma            Conj/Fire/Erth #.........   100%        5    ######.
 Fireball                 Conj/Fire      #.........   100%        5    ######.
 Iskenderun's Battlesphe  Conj/Chrm      #.......     100%        5    ######.
 Lee's Rapid Deconstruct  Erth           #.........   100%        5    ######.
 Venom Bolt               Conj/Pois      #.........   100%        5    ######.
 Invisibility             Hex            #.......     100%        6    #######
 Iron Shot                Conj/Erth      #.........   100%        6    #######
 Orb of Destruction       Conj           #.........   100%        7    #######
 Spellforged Servitor     Conj/Summ      #.........   100%        7    #######


Dungeon Overview and Level Annotations

Branches:
Dungeon (10/15)            Temple (0/1) D:6            Lair (2/6) D:10
 Shoals (0/4) Lair:2       Spider (1/4) Lair:2
    Orc: D:9-12

Altars:
Ashenzari
Dithmenos
Hepliaklqana
Nemelex Xobeh
Sif Muna
Uskayaw
Vehumet
Xom
Yredelemnul

Shops:
D:5 *   D:8 *   D:9 (

Portals:
Trove: D:10 (give 6 scrolls of blinking)

Annotations:
D:5 exclusion: statue


Message History

It was a potion of experience.
You feel more experienced!
Your Fighting skill increases to level 10!
Your Dodging skill increases to level 4!
Your Spellcasting skill increases to level 1!
Your Evocations skill gained 2 levels and is now at level 2!
You have reached level 13!
The redback bites you but does no damage. x2
The jumping spider leaps!
The redback barely misses you.
It was a potion of degeneration.
There was something very wrong with that liquid.
You feel weakened.
You feel dopey.
You feel clumsy.
The redback bites you but does no damage.
The redback bites you!
* * * LOW HITPOINT WARNING * * *
The redback bites you but does no damage.
It was a potion of resistance.
You feel protected. The redback bites you!
You die...

##....#.. ##.......#
#...#....# #.<..# .#
#....s.... ##...####^#
#..s..)#.. #.....##.##
##(....... #.....#...#
#.(.....## ....
#..[.#..^#####.......# .#..
#........^.#s.......# .....
##.°......?@ss...#..###...#
###........s#...........(#.
###.^...#.†#...).)^......
###.##..#.##%††.(#...##
########.#)..........
#....(##....... ###..##
.#..... #..?......#$##
#.........#..^


You could see a jumping spider and 4 redbacks.

Vanquished Creatures
  A two-headed ogre (D:9)
  Erica (D:10)
  A wolf spider (Spider:1)
  An orb spider (Spider:1)
  A spiny frog (Lair:1)
  A komodo dragon (Lair:2)
  2 jumping spiders (Spider:1)
  2 polar bears (Lair:1)
  2 hippogriffs
  A wyvern (D:10)
  A yak (Lair:2)
  A hungry ghost (D:7)
  A soldier ant (D:10)
  4 water moccasins
  2 porcupines (Lair:2)
  3 ice beasts
  2 sky beasts
  An orc warrior (D:10)
  2 phantoms
  2 ogres
  4 centaurs
  A crocodile (Lair:2)
  6 bullfrogs
  A wyvern zombie (D:7)
  3 scorpions
  4 wights (D:8)
  A howler monkey (D:8)
  3 crimson imps
  A bullfrog zombie (D:9)
  2 jellies
  2 orc priests (D:5)
  3 hounds
  3 orc wizards
  A bullfrog skeleton (D:5)
  Natasha (thrice) (D:2)
  5 worker ants
  A howler monkey zombie (D:6)
  A worker ant zombie (D:4)
  Robin (D:2)
  12 adders
  2 shadow imps
  An ooze (D:1)
  An adder zombie (D:9)
  3 adder skeletons
  4 worms
  4 dart slugs
  6 leopard geckos
  17 orcs
  3 giant cockroaches
  15 hobgoblins
  18 jackals
  6 quokkas
  3 ball pythons
  8 bats
  7 frilled lizards (D:1)
  11 goblins
  A jackal skeleton (D:6)
  A jackal zombie (D:5)
  11 kobolds
  A leopard gecko zombie (D:5)
  A quokka zombie (D:5)
  8 rats
  A fungus (Lair:1)
  A plant (Lair:1)
224 creatures vanquished.

Vanquished Creatures (collateral kills)
  4 hydras
  Nergalle (D:10)
  3 wolf spiders (Spider:1)
  2 orb spiders (Spider:1)
  A komodo dragon (Lair:2)
  A troll (D:10)
  A jumping spider (Spider:1)
  2 polar bears (Lair:1)
  A hornet (D:10)
  A hippogriff (Lair:1)
  8 redbacks (Spider:1)
  2 wraiths (D:10)
  2 tarantellas (Spider:1)
  A wyvern (Lair:2)
  4 yaks (Lair:2)
  2 water moccasins (Lair:1)
  5 porcupines
  2 orc warriors
  2 phantoms
  A necrophage (D:9)
  A centaur (D:10)
  2 crocodiles (Lair:2)
  4 bullfrogs
  A scorpion (D:10)
  An electric eel (Lair:2)
  A crimson imp (D:9)
  5 orc wizards
  2 worker ants (D:10)
  3 orcs
  3 fungi
  2 plants
71 creatures vanquished.

Vanquished Creatures (others)
  2 orc knights (Spider:1)
  2 orc warriors
  An orc priest (D:10)
  4 orcs
  A fungus (D:10)
  6 plants
16 creatures vanquished.

Grand Total: 311 creatures vanquished

Notes
Turn   | Place    | Note
-------+----------+-------------------------------------------
     0 | D:1      | Delamore the Hill Orc Monk began the quest for the Orb.
     0 | D:1      | Reached XP level 1. HP: 19/19 MP: 1/1
   269 | D:1      | Reached XP level 2. HP: 24/26 MP: 2/2
   362 | D:1      | Reached skill level 5 in Axes
   446 | D:1      | Reached XP level 3. HP: 21/31 MP: 3/3
   794 | D:1      | Reached skill level 6 in Axes
   825 | D:1      | Found a shattered altar of Ashenzari.
  1147 | D:2      | Reached XP level 4. HP: 24/39 MP: 4/4
  1295 | D:2      | Noticed Robin
  1301 | D:2      | Noticed Natasha
  1637 | D:2      | Killed Natasha
  1637 | D:2      | Reached skill level 7 in Axes
  1640 | D:2      | Killed Robin
  1806 | D:2      | Reached XP level 5. HP: 44/45 MP: 5/5
  1904 | D:2      | Noticed Natasha
  1922 | D:2      | Killed Natasha
  1922 | D:2      | Reached skill level 1 in Armour
  2146 | D:2      | Noticed Natasha
  2157 | D:2      | Killed Natasha
  2623 | D:3      | Reached skill level 8 in Axes
  2623 | D:3      | Reached XP level 6. HP: 17/51 MP: 6/6
  2896 | D:3      | Became a worshipper of Beogh the Brigand
  2896 | D:3      | Reached * piety under Beogh
  2896 | D:3      | Reached ** piety under Beogh
  4283 | D:4      | Noticed a phantom
  4331 | D:4      | Killed a phantom
  4881 | D:5      | Entered Level 5 of the Dungeon
  5028 | D:5      | Reached XP level 7. HP: 51/57 MP: 7/7
  5035 | D:5      | Reached skill level 9 in Axes
  5227 | D:5      | Found a shimmering altar of Xom.
  5227 | D:5      | Found a shimmering altar of Xom.
  5228 | D:5      | Found a shimmering altar of Xom.
  5229 | D:5      | Found a shimmering altar of Xom.
  5329 | D:5      | Reached *** piety under Beogh
  5478 | D:5      | Got a sheer robe
  5479 | D:5      | Identified the +1 robe "Wiwker" {MR- Dex+2 SInv} (You found
                  | it on level 5 of the Dungeon)
  5546 | D:5      | Found a radiant altar of Vehumet.
  5627 | D:5      | Found Lisuybum's Assorted Antiques.
  5661 | D:5      | Bought a fizzy emerald potion for 24 gold pieces
  5661 | D:5      | Bought a pair of glowing boots for 202 gold pieces
  5661 | D:5      | Bought a fizzy emerald potion for 24 gold pieces
  5707 | D:5      | Found a shadowy altar of Dithmenos.
  6116 | D:6      | Reached skill level 10 in Axes
  6529 | D:6      | Reached skill level 11 in Axes
  6529 | D:6      | Reached XP level 8. HP: 47/64 MP: 8/8
  6704 | D:6      | Found a staircase to the Ecumenical Temple.
  6797 | D:7      | Found a sparkling altar of Nemelex Xobeh.
  6851 | D:7      | Reached skill level 12 in Axes
  6854 | D:7      | Paralysed by fainting for 9 turns
  7147 | D:7      | Found a hazy altar of Hepliaklqana.
  7291 | D:7      | Reached skill level 13 in Axes
  7429 | D:7      | Noticed a hippogriff
  7439 | D:7      | Killed a hippogriff
  7439 | D:7      | Reached XP level 9. HP: 48/70 MP: 9/9
  7547 | D:7      | Found a hide-covered altar of Uskayaw.
  7838 | D:8      | Reached skill level 14 in Axes
  7862 | D:8      | Found Feliv's Demolitions Depot.
  8127 | D:8      | Found a basalt altar of Yredelemnul.
  8127 | D:8      | Found a shattered altar of Ashenzari.
  8426 | D:8      | Reached skill level 15 in Axes
  8541 | D:8      | Found a shimmering blue altar of Sif Muna.
  8589 | D:8      | Bought a scroll of immolation for 45 gold pieces
  8728 | D:9      | Noticed a two-headed ogre
  8742 | D:9      | Killed a two-headed ogre
  8742 | D:9      | Reached skill level 16 in Axes
  8972 | D:9      | Found Beubbae's Antique Weapon Shop.
  9049 | D:9      | Reached **** piety under Beogh
  9049 | D:9      | Reached XP level 10. HP: 74/78 MP: 8/10
  9181 | D:9      | Was placed under penance by Beogh
  9586 | D:10     | Entered Level 10 of the Dungeon
  9704 | D:10     | Reached skill level 5 in Armour
  9718 | D:10     | Was forgiven by Beogh
  9829 | D:10     | Noticed Nergalle
  9830 | D:10     | Found a portal to a secret trove of treasure.
  9850 | D:10     | Killed Nergalle
  9850 | D:10     | Reached skill level 5 in Fighting
 10246 | D:10     | Reached skill level 17 in Axes
 10800 | D:10     | Noticed Erica
 10817 | D:10     | Killed Erica
 10827 | D:10     | Gained Dorog as an ally
 11061 | D:10     | Found a staircase to the Lair.
 11208 | Lair:1   | Entered Level 1 of the Lair of Beasts
 11351 | Lair:1   | Reached XP level 11. HP: 71/91 MP: 8/11
 11720 | Lair:1   | Noticed a seven-headed hydra
 11724 | Lair:1   | Reached skill level 1 in Invocations
 11729 | Lair:1   | Killed a nine-headed hydra
 11823 | Lair:1   | Noticed a four-headed hydra
 11828 | Lair:1   | Killed a four-headed hydra
 11960 | Lair:1   | Noticed a five-headed hydra
 11969 | Lair:1   | Killed a five-headed hydra
 12435 | Lair:2   | Found a staircase to the Shoals.
 12902 | Lair:2   | Found a hole to the Spider Nest.
 13374 | Lair:2   | Noticed a seven-headed hydra
 13381 | Lair:2   | Killed a seven-headed hydra
 14083 | Spider:1 | Entered Level 1 of the Spider Nest
 14113 | Spider:1 | Noticed a wolf spider
 14118 | Spider:1 | Noticed a wolf spider
 14122 | Spider:1 | Killed a wolf spider
 14122 | Spider:1 | Reached skill level 10 in Armour
 14129 | Spider:1 | Killed a wolf spider
 14155 | Spider:1 | Noticed an orb spider
 14155 | Spider:1 | Gained Gorm as an ally
 14155 | Spider:1 | Reached XP level 12. HP: 23/104 MP: 4/12
 14157 | Spider:1 | Gained Margrim as an ally
 14196 | Spider:1 | Your ally Margrim died
 14226 | Spider:1 | Your ally Dorog died
 14270 | Spider:1 | Reached skill level 10 in Fighting
 14270 | Spider:1 | Reached skill level 1 in Spellcasting
 14270 | Spider:1 | Reached XP level 13. HP: 7/113 MP: 3/15
 14271 | Spider:1 | HP: 3/113 [redback (5)]
 14272 | Spider:1 | Mangled by a redback

Levels and vault maps discovered:
D:1:      dpeg_arrival_three_bigger_balls, layout_basic, evilmike_ruin_ashenzari
D:2:      layout_basic, st_stairs_4, chequers_arboretum, minmay_door_square,
          uniq_natasha, uniq_robin
D:3:      layout_basic, first_ration, minmay_misc_feat_five
D:4:      minmay_chambers_of_twos, layout_loops_ring, uniq_eustachio
D:5:      layout_loops_corners, xom_redecorated, vehumet_statue, serial_shops,
          nicolae_shop_waterfront, nicolae_dithmenos_the_darkroom
D:6:      layout_gridville, temple_green
D:7:      layout_loops_ring, old_standard_altar, kennysheep_little_box,
          nemelex_xobeh_ov_fountains_minmay, eino_small_chamber_without_monster
D:8:      layout_basic, kennysheep_mini,
          chequers_temple_overflow_statue_of_worship, nicolae_blasting_shop
D:9:      layout_roguey, serial_shops, shop
D:10:     layout_cave_pools, grunt_lair_entry_orc_guard_hut, enter_trove_6,
          uniq_erica, uniq_nergalle
Lair:1:   layout_hall_layers, chequers_serial_rivers_micro_b,
          cheibrodos_lair_lostbears, serial_bayou_shore_b
Lair:2:   layout_concentric_octagons, shoals_dummy_entry, dummy_spider_entry,
          wad_woods_river_04, infiniplex_staircase_pool
Spider:1: layout_spider_delve, worms_lemuel

Skill      XL: |  1  2  3  4  5  6  7  8  9 10 11 12 |
---------------+-------------------------------------+-----
Axes           | 5 6 7 8 11 13 16 17 | 17.9
Armour         | 2 3 4 7 10 11 | 11.9
Fighting       | 6 9 10 | 10.3
Invocations    | 1 |  1.1
Dodging        | 3 4 |  4.9
Spellcasting   | 1 |  1.8
Evocations     | 2 |  2.3
Stealth        | |  1.5

Action                   |  1- 3 |  4- 6 |  7- 9 | 10-12 | 13-15 || total
-------------------------+-------+-------+-------+-------+-------++-------
Melee: Hand axe          |   114 |   382 |   185 |   333 |       ||  1014
       War axe           |       |       |   179 |       |       ||   179
Throw: Boomerang         |       |       |     2 |       |       ||     2
       Javelin           |       |       |     4 |    18 |       ||    22
       Dart              |       |       |       |     1 |       ||     1
Invok: Convert to Beogh  |       |     1 |       |       |       ||     1
       Recall Orcish Fol |       |       |       |     3 |       ||     3
       Smiting           |       |       |       |     2 |       ||     2
  Use: Scroll            |       |     4 |     1 |     4 |       ||     9
       Potion            |       |       |       |     3 |     2 ||     5
 Stab: Sleeping          |       |     3 |     3 |       |       ||     6
       Distracted        |       |       |       |     3 |       ||     3
  Eat: Chunk             |     1 |    12 |     5 |    15 |       ||    33
       Ration            |       |       |     4 |       |       ||     4
Armor: Robe              |    19 |       |       |       |       ||    19
       Scale mail        |    24 |    23 |       |       |       ||    47
       Ring mail         |       |   108 |   116 |       |       ||   224
       Crystal plate arm |       |       |     1 |   197 |     4 ||   202
Dodge: Dodged            |    58 |   192 |   193 |    70 |     1 ||   514
Block: Other             |       |       |       |    54 |       ||    54
       Reflection        |       |       |       |     2 |       ||     2
